cohdb
Replays
Latest Replays
All Replays
Popular Replays
Top Player Replays
Match Explorer
How It Works
Community
CoH3 Stats
Reddit
Sign in to upload your games and track your stats! →
Sign in with Steam
Match 45774558
Unlisted
Match 45774558
Overview
Messages
Build Orders
End
Construct Infanterie Kompanie
Selects Breakthrough Battlegroup
Selects Assault Grenadiers
Grenadier Squad
MG 42 Machine Gun Team
MG 42 Machine Gun Team
GrW 34 Mortar Team
MG 42 Machine Gun Team
Selects Rapid Production
Construct Luftwaffe Kompanie
Medical Station
Jäger Squad
Jäger Squad
221 Scout Car
Flak 30 Anti-aircraft Gun Team
Flak 30 Anti-aircraft Gun Team
MillenniumKnight
DireRadiant
AveugleVue
Firesedge
Romaneck
tater
0
0
Comments
sign in to comment!
No comments posted yet!